 Dungeon Crawl Stone Soup version 0.18.1-6-gd335043 (webtiles) character file.

2688 Jerry the Blocker (level 9, -1/71 HPs)
             Began as a Minotaur Fighter on May 18, 2016.
             Was a Follower of Pakellas.
             Succumbed to Erica's bolt of poison
             ... on level 8 of the Dungeon.
             The game lasted 00:17:42 (5927 turns).

Jerry the Blocker (Minotaur Fighter)                Turns: 5927, Time: 00:17:43

Health: -1/71      AC: 13    Str: 24    XL:     9   Next: 38%
Magic:  0/8        EV:  9    Int:  5    God:    Pakellas [*.....]
Gold:   265        SH:  0    Dex: 10    Spells: 0 memorised, 8 levels left

rFire  . . .     SeeInvis .     u - +2 mace (protect)
rCold  + . .     Gourm    .     b - +0 scale mail
rNeg   . . .     Faith    .     c - +1 shield
rPois  .         Spirit   +     (helmet restricted)
rElec  .         Dismiss  .     (no cloak)
rCorr  .         Reflect  .     (no gloves)
SustAt +         Harm     .     (no boots)
MR     .....                    j - amulet of guardian spirit
Stlth  ..........               G - ring of protection from cold
                                z - ring of sustain attributes

@: confused, lethally poisoned (-1 -> -16), slowed, very slow, not resistant to
hostile enchantments, extremely unstealthy
A: retaliatory headbutt, horns 2
a: Quick Charge, Renounce Religion


You were on level 8 of the Dungeon.
You worshipped Pakellas.
Pakellas was aware of your devotion.
You were not hungry.

You visited 2 branches of the dungeon, and saw 9 of its levels.

You collected 265 gold pieces.

Inventory:

Hand Weapons
 a - a +0 flail
 u - a +2 mace of protection (weapon)
Armour
 b - a +0 scale mail (worn)
 c - a +1 shield (worn)
Jewellery
 j - an amulet of guardian spirit (around neck)
 p - an uncursed amulet of dismissal
 z - a ring of sustain attributes (left hand)
 B - an uncursed ring of fire
 D - an uncursed ring of ice
 G - a ring of protection from cold (right hand)
Wands
 I - a wand of polymorph (11/24)
 K - a wand of teleportation (5/9)
Scrolls
 g - a scroll of identify
 l - a scroll of noise
 o - a scroll of amnesia
 w - a scroll of remove curse
Potions
 d - a potion of might
 h - 4 potions of degeneration
 i - 4 potions of curing
 m - a potion of lignification
 r - 2 potions of flight
 s - a potion of magic
 x - 2 potions of brilliance
Books
 k - a book of Transfigurations

   Spells                             Type                      Level
   a - Irradiate                      Conjuration/Transmutation    5
   b - Statue Form                    Transmutation/Earth          6
   c - Hydra Form                     Transmutation                6
   d - Dragon Form                    Transmutation                7
 q - a book of Ice

   Spells                             Type                      Level
   a - Ice Form                       Ice/Transmutation            4
   b - Metabolic Englaciation         Hexes/Ice                    5
   c - Ozocubu's Refrigeration        Ice                          6
   d - Bolt of Cold                   Conjuration/Ice              6
   e - Freezing Cloud                 Conjuration/Ice/Air          6
   f - Simulacrum                     Ice/Necromancy               6
 C - a book of Annihilations

   Spells                             Type                      Level
   a - Poison Arrow                   Conjuration/Poison           6
   b - Chain Lightning                Conjuration/Air              8
   c - Lehudib's Crystal Spear        Conjuration/Earth            8
   d - Glaciate                       Conjuration/Ice              9
   e - Fire Storm                     Conjuration/Fire             9
Comestibles
 f - 7 bread rations
 n - a meat ration
 E - 3 fruits
 J - a slice of pizza


   Skills:
 - Level 3.7 Fighting
 + Level 9.2 Maces & Flails
 + Level 9.6 Armour
 + Level 9.6 Shields


You had 8 spell levels left.
You didn't know any spells.

Dungeon Overview and Level Annotations

Branches:
Dungeon (8/15)             Temple (1/1) D:4
   Lair: D:8-11

Altars:
Ashenzari
Cheibriados
Dithmenos
Elyvilon
Fedhas
Gozag
Kikubaaqudgha
Makhleb
Nemelex Xobeh
Okawaru
Pakellas
Qazlal
Ru
Sif Muna
Trog
Vehumet
Xom
Zin
The Shining One

Shops:
D:4 ?   D:6 *(

Annotations:
D:8 Erica


Innate Abilities, Weirdness & Mutations

You reflexively headbutt those who attack you in melee.
You have a pair of horns on your head.


Message History

The ice beast hits you.
* * * LOW HITPOINT WARNING * * *
The ice beast freezes you. You resist.
* * * LOW HITPOINT WARNING * * *
You hear some strange, mumbled words.
A bolt of poison appears from out of thin air!
The bolt of poison hits you!
You are lethally poisoned!
* * * LOW HITPOINT WARNING * * *
The wasp stings you.
* * * LOW HITPOINT WARNING * * *
You bump into the rock wall.
* * * LOW HITPOINT WARNING * * *
You feel very sick. The wasp barely misses you.
The ice beast hits you but does no damage.
Something hits you but does no damage. The wasp stings you but does no damage.
The ice beast barely misses you.
You die...
Pakellas says: Good help is so hard to find these days!

#$# #.# #.# #.#########
#+# #.#.......#
#.#####.#.......#
#...............#
#?......###.....#
#..y.@....#.#####
........#Y#####.#.#
................#.#####
.....####.#####.......#
.[... #.............#
....
#######.......######
... #.......'....# ...
#.......####..
#..........#..


You could see an ice beast and a wasp.

Vanquished Creatures
  The ghost of Jerry the Cruncher, a novice MiGl (D:7)
  A spriggan (D:7)
  A hungry ghost (D:8)
  A water moccasin (D:6)
  An ice beast (D:7)
  A wasp (D:8)
  3 ogres
  A centaur (D:8)
  5 giant frogs
  3 howler monkeys (D:8)
  4 crimson imps
  2 giant frog zombies
  An orc priest (D:3)
  4 hounds
  4 iguanas
  2 worker ants
  3 orc wizards (D:3)
  A hound skeleton (D:4)
  2 howler monkey skeletons (D:4)
  4 gnolls (D:3)
  6 adders
  2 oozes
  An adder skeleton (D:7)
  4 worms
  2 dart slugs (D:2)
  3 giant geckos
  19 orcs
  A ball python (D:2)
  8 bats
  8 giant cockroaches
  5 goblins
  4 jackals (D:1)
  4 quokkas
  4 giant newts
  6 kobolds
  4 rats
126 creatures vanquished.

Notes
Turn   | Place    | Note
--------------------------------------------------------------
     0 | D:1      | Jerry the Minotaur Fighter began the quest for the Orb.
     0 | D:1      | Reached XP level 1. HP: 19/19 MP: 0/0
   132 | D:1      | Reached XP level 2. HP: 25/27 MP: 1/1
   761 | D:2      | Reached XP level 3. HP: 28/33 MP: 2/2
   903 | D:2      | Found a burning altar of Makhleb.
   953 | D:2      | Reached XP level 4. HP: 40/40 MP: 3/3
  1258 | D:2      | Reached skill level 5 in Armour
  1608 | D:3      | Reached XP level 5. HP: 39/46 MP: 2/4
  1866 | D:3      | Reached skill level 5 in Shields
  2348 | D:3      | Reached XP level 6. HP: 29/52 MP: 2/5
  2693 | D:4      | Found a bloodstained altar of Trog.
  2701 | D:4      | Reached skill level 5 in Maces & Flails
  2744 | D:4      | Found Bouhy's Magic Scroll Shop.
  2985 | D:4      | Found a staircase to the Ecumenical Temple.
  2994 | Temple   | Entered the Ecumenical Temple
  3158 | Temple   | Became a worshipper of Pakellas the Inventive
  3183 | D:5      | Entered Level 5 of the Dungeon
  3409 | D:5      | Reached XP level 7. HP: 52/58 MP: 6/6
  3572 | D:5      | Found a shadowy altar of Dithmenos.
  3575 | D:5      | Found a shimmering altar of Xom.
  3576 | D:5      | Found a sparkling altar of Nemelex Xobeh.
  3578 | D:5      | Found a blossoming altar of Fedhas.
  3580 | D:5      | Found a glowing golden altar of the Shining One.
  3940 | D:6      | Found Nooblos's Weapon Shop.
  3966 | D:6      | Found an opulent altar of Gozag.
  4166 | D:6      | Found an iron altar of Okawaru.
  4258 | D:6      | Found Gug Gif's Assorted Antiques.
  4263 | D:6      | Reached * piety under Pakellas
  4263 | D:6      | Received a gift from Pakellas
  4393 | D:7      | Noticed Jerry's ghost (novice MiGl)
  4403 | D:7      | Killed Jerry's ghost
  4403 | D:7      | Reached XP level 8. HP: 50/66 MP: 7/7
  5338 | D:7      | Reached XP level 9. HP: 69/71 MP: 8/8
  5606 | D:8      | Found a shimmering altar of Xom.
  5897 | D:8      | Noticed Erica
  5925 | D:8      | HP: 3/71 [wasp (1)]
  5926 | D:8      | HP: 1/71 [poisoned by Erica (bolt of poison)]
  5927 | D:8      | Succumbed to Erica's bolt of poison

Skill      XL: |  1  2  3  4  5  6  7  8  9 |
---------------+----------------------------+-----
Armour         | 4 5 6 8 9 |  9.6
Maces & Flails | 3 4 5 7 8 9 |  9.2
Shields        | 4 5 6 8 9 |  9.6
Fighting       | |  3.7

Action                   |  1- 3 |  4- 6 |  7- 9 || total
-------------------------+-------+-------+-------++-------
Melee: Flail             |    70 |   140 |     5 ||   215
       Headbutt          |    12 |    27 |    32 ||    71
       Mace              |       |    46 |   182 ||   228
Evoke: Wand              |       |       |     6 ||     6
  Use: Potion            |       |       |     5 ||     5
       Scroll            |       |       |    17 ||    17
  Eat: Chunk             |       |     8 |     9 ||    17
       Bread ration      |       |       |     1 ||     1
Armor: Scale mail        |    40 |    67 |    61 ||   168
Dodge: Dodged            |    26 |    59 |    39 ||   124
Block: Shield            |    31 |    92 |   103 ||   226
